 Dungeon Crawl Stone Soup version 0.28-a0-268-g3f656e82c2 (webtiles) character file.

Game seed: 275575489456368981

1653 hjaiej13 the Gusty (level 9, -1/52 HPs)
             Began as a Tengu Air Elementalist on Aug 28, 2021.
             Slain by Prince Ribbit (9 damage)
             ... on level 6 of the Dungeon.
             The game lasted 00:24:03 (7819 turns).

hjaiej13 the Gusty (Tengu Air Elementalist)         Turns: 7819, Time: 00:24:04

Health: -1/52      AC:  4    Str:  8    XL:     9   Next: 0%
Magic:  0/16       EV: 17    Int: 25    God:
Gold:   304        SH:  0    Dex: 15    Spells: 7/17 levels left

rFire   . . .      SeeInvis .   w - +7 dire flail "Plog" {protect, rCorr}
rCold   . . .      Faith    .   (shield currently unavailable)
rNeg    + . .      Spirit   +   a - +0 robe
rPois   .          Reflect  .   (helmet restricted)
rElec   .          Harm     .   m - +0 cloak
rCorr   +          Rampage  .   c - +0 pair of gloves
Will    .....                   (boots unavailable)
Stlth   ++........              k - amulet of guardian spirit
HPRegen 0.17/turn               x - +6 ring of intelligence
MPRegen 0.15/turn               y - ring of positive energy

@: flying quickly and evasively, quick
A: beak, talons 3, nimble flight
a: no special abilities


You were on level 6 of the Dungeon.
You visited 1 branch of the dungeon, and saw 6 of its levels.

You collected 304 gold pieces.

Inventory:

Hand Weapons
 b - a +0 dagger of holy wrath
 i - a +0 spear
 l - a +2 dagger of protection
 w - the +7 dire flail "Plog" (weapon) {protect, rCorr}
   (You found it on level 5 of the Dungeon)

   It grants its wielder temporary protection when it strikes (+7 to AC).
   rCorr:     It protects you from acid and corrosion.
 z - a +6 scythe of venom
Armour
 a - a +0 robe (worn)
 c - a +0 pair of gloves (worn)
 m - a +0 cloak (worn)
 s - a +0 leather armour
Jewellery
 k - an amulet of guardian spirit (around neck)
 x - a +6 ring of intelligence (left hand)
 y - a ring of positive energy (right hand)
Wands
 d - a wand of iceblast (10)
 n - a wand of flame (22)
 u - a wand of paralysis (8)
Scrolls
 e - a scroll of fog
 f - a scroll of noise
 h - 2 scrolls of enchant weapon
 o - a scroll of blinking {unknown}
 A - a scroll of magic mapping {unknown}
Potions
 g - a potion of curing
 j - a potion of heal wounds {unknown}
 q - 4 potions of attraction
 r - a potion of brilliance {unknown}
 t - a potion of magic {unknown}
 v - a potion of ambrosia {unknown}
 B - a potion of degeneration {unknown}


   Skills:
 + Level 4.2 Fighting
 + Level 3.2 Polearms
 + Level 5.4 Dodging
 - Level 2.0 Stealth
 + Level 4.5 Spellcasting
 + Level 6.5 Conjurations
 + Level 7.6 Air Magic


You had 7 spell levels left.
You knew the following spells:

 Your Spells              Type           Power      Damage    Failure   Level
a - Shock                 Conj/Air       100%       1d9       1%          1
b - Static Discharge      Conj/Air       41%        N/A       1%          2
c - Swiftness             Air            43%        N/A       1%          3
d - Airstrike             Air            21%        N/A       3%          4

Your spell library contained the following spells:

 Spells                   Type           Power      Damage    Failure   Level
 Freezing Cloud           Conj/Ice/Air   14%        6-21      34%         5
 Simulacrum               Ice/Necr       2%         N/A       100%        6
 Polar Vortex             Ice            2%         N/A       100%        9


Dungeon Overview and Level Annotations

Branches:
Dungeon (6/15)
 Temple: D:4-7

Altars:
Dithmenos
Kikubaaqudgha
Trog
Xom

Annotations:
D:3 3 runed translucent doors, sn0wgr3's ghost, amateur MiFi
D:6 Prince Ribbit


Innate Abilities, Weirdness & Mutations

You have a beak for a mouth.
You have claws for feet.
Your magical nature lets you fly swiftly and evasively.


Message History

The lemure is moderately wounded.
The lightning grounds out.
Pikel is struck by an arc of lightning!
Pikel is almost dead.
The lemure is struck by an arc of lightning!
The lemure is heavily wounded.
You are struck by an arc of lightning.
The lightning grounds out.
Pikel barely misses you. The lemure hits you!
* * * LOW HITPOINT WARNING * * *
You hit Pikel.
Your weapon exudes an aura of protection.
Pikel is almost dead.
Prince Ribbit blinks!
The lemure barely misses you. Pikel barely misses you.
You hit Pikel.
You kill Pikel!
With Pikel's spell broken, his former minions thank you for their freedom.
The lemure departs this earthly plane. x4
Your Fighting skill increases to level 4!
Your Polearms skill increases to level 3!
You have reached level 9!
Your experience leads to an increase in your attributes!
Your base attributes are Str 8, Int 18, Dex 15.
Increase (S)trength, (I)ntelligence, or (D)exterity?
You feel clever.
Unknown command.
Items here: ! ) [ †.
Prince Ribbit blinks!
You closely miss Prince Ribbit. Your peck misses Prince Ribbit.
Prince Ribbit hits you!
* * * LOW HITPOINT WARNING * * *
Prince Ribbit misses you.
You closely miss Prince Ribbit. Your kick misses Prince Ribbit.
Your peck misses Prince Ribbit. Prince Ribbit misses you.
Prince Ribbit closely misses you.
Prince Ribbit blinks!
Prince Ribbit lets out a mournful croak.
Prince Ribbit blinks!
Prince Ribbit completely misses you.
There is a stone staircase leading up here.
Prince Ribbit hits you!
You die...

≈.#..........§.#...#.#†#
..§...####.#####.....#.#
..#.#.# #.#...#.#...#.#
..#...# #.....#...#...#
5.##### ###.###.#.#.###
..# #.# #.#.#.# ..#
###.###.#.#.####### ....
.......F#.#.......#
.####
###..##@#.#######.# ..
#.....#.# #.# ..
##.#..#.#######.# ...
####....#.#.......#
.............######
.............#
.............#
.............#
.............#


You could see Prince Ribbit.

Vanquished Creatures
  Pikel (D:6)
  Sigmund (D:2)
  A water moccasin (D:5)
  A sky beast (D:5)
  A necrophage (D:5)
  An ogre (D:5)
  A wyvern zombie (D:5)
  2 howler monkeys
  A wight (D:5)
  A bullfrog zombie (D:5)
  2 jellies
  A gnoll shaman (D:5)
  3 hounds
  2 iguanas
  An orc wizard (D:5)
  A scorpion zombie (D:5)
  Robin (D:2)
  A gnoll (D:1)
  6 adders
  2 ufetubi (D:4)
  A worm (D:2)
  2 dart slugs (D:4)
  An orc (D:5)
  2 ball pythons (D:1)
  10 endoplasms
  6 giant cockroaches
  21 goblins
  6 hobgoblins
  4 jackals
  A quokka (D:4)
  8 bats
  4 frilled lizards
  10 kobolds
  4 rats
111 creatures vanquished.

Notes
Turn   | Place    | Note
-------+----------+-------------------------------------------
     0 | D:1      | hjaiej13 the Tengu Air Elementalist began the quest for the
                  | Orb.
     0 | D:1      | Reached XP level 1. HP: 10/10 MP: 4/4
   338 | D:1      | Reached XP level 2. HP: 7/15 MP: 4/6
   606 | D:1      | Reached XP level 3. HP: 19/19 MP: 0/7
   674 | D:1      | Learned a level 2 spell: Static Discharge
   678 | D:1      | Learned a level 3 spell: Swiftness
  1374 | D:2      | Reached skill level 5 in Air Magic
  1538 | D:2      | Noticed Robin
  1552 | D:2      | Reached XP level 4. HP: 24/24 MP: 6/8
  1679 | D:2      | Killed Robin
  1686 | D:2      | Reached skill level 1 in Fighting
  2113 | D:2      | Noticed Sigmund
  2323 | D:3      | Found a runed translucent gate.
  2323 | D:3      | Found a runed translucent gate.
  2323 | D:3      | Found a runed translucent gate.
  2449 | D:3      | Found an ancient bone altar of Kikubaaqudgha.
  2521 | D:3      | Found a shadowy altar of Dithmenos.
  2820 | D:3      | Noticed sn0wgr3's ghost (amateur MiFi)
  3057 | D:4      | Gained mutation: Your magical nature lets you fly swiftly
                  | and evasively. [Tengu growth]
  3057 | D:4      | Reached XP level 5. HP: 29/29 MP: 4/9
  3115 | D:4      | Found a shimmering altar of Xom.
  4178 | D:4      | Reached XP level 6. HP: 35/35 MP: 3/11
  4704 | D:5      | Entered Level 5 of the Dungeon
  4808 | D:5      | Reached skill level 6 in Air Magic
  4811 | D:5      | Reached XP level 7. HP: 40/40 MP: 1/12
  5022 | D:5      | Reached skill level 5 in Conjurations
  5764 | D:4      | Learned a level 4 spell: Airstrike
  6125 | D:5      | Identified the +7 dire flail "Plog" {protect, rCorr}
  6468 | D:5      | Reached skill level 1 in Polearms
  6478 | D:5      | Reached XP level 8. HP: 46/46 MP: 14/14
  6555 | D:5      | Found a bloodstained altar of Trog.
  6781 | D:2      | Killed Sigmund
  6782 | D:2      | Reached skill level 7 in Air Magic
  7180 | D:2      | Found a faded altar of an unknown god.
  7509 | D:6      | Reached skill level 5 in Dodging
  7567 | D:6      | Noticed Pikel
  7781 | D:6      | Noticed Prince Ribbit
  7795 | D:6      | Killed Pikel
  7796 | D:6      | Reached XP level 9. HP: 12/52 MP: 1/16
  7819 | D:6      | Slain by Prince Ribbit

Illustrated notes

Levels and vault maps discovered:
D:1:      tarquinn_simple_flora_water_f, layout_basic, minmay_misc_feat_square,
          chequers_arboretum
D:2:      minmay_chambers_of_twos, layout_loops_corners,
          ebering_ecumenical_altar_box, uniq_robin, uniq_sigmund
D:3:      layout_loops_ring, nicolae_dithmenos_shadow_blocks,
          nicolae_kikubaaqudgha_miasma_corner, gammafunk_ghost_icy,
          grunt_decor_cap
D:4:      layout_basic, mainiacjoe_overflow_surrounded_room
D:5:      layout_basic, kennysheep_little_box, serial_glass, glass_columns_a,
          glass_columns_a, glass_columns_c, glass_columns_c,
          minmay_strange_pillars, due_unseen_surprise, minmay_strange_pillars,
          item_on_display_a, wad_rectangle_vault
D:6:      layout_basic, minmay_temple_entry_poolview, st_stairs_14,
          centaur_isle, uniq_pikel, uniq_prince_ribbit1

Skill      XL: |  1  2  3  4  5  6  7  8 |
---------------+-------------------------+-----
Conjurations   | 2 3 4 5 6 |  6.5
Air Magic      | 5 6 7 |  7.6
Fighting       | 1 2 3 4 |  4.2
Dodging        | 3 4 5 |  5.4
Spellcasting   | 3 4 |  4.5
Polearms       | 1 3 |  3.2
Stealth        | |  2.0

Action                   |  1- 3 |  4- 6 |  7- 9 || total
-------------------------+-------+-------+-------++-------
Melee: Dagger            |     5 |    43 |    43 ||    91
       Kick              |     2 |     9 |    28 ||    39
       Short sword       |    12 |     4 |       ||    16
       Peck              |       |     4 |    14 ||    18
       Dire flail        |       |       |    69 ||    69
 Cast: Shock             |    58 |    97 |    38 ||   193
       Airstrike         |       |       |     5 ||     5
       Static Discharge  |       |       |     1 ||     1
  Use: Potion            |       |     1 |       ||     1
       Scroll            |       |       |     4 ||     4
 Stab: Sleeping          |       |     1 |     5 ||     6
Armor: Robe              |    12 |    18 |    41 ||    71
Dodge: Dodged            |    26 |    51 |    82 ||   159

Table legend: (Time is in decaauts)
 A = Elapsed time spent in this place.
 B = Non-inter-level travel time spent in this place.
 C = Inter-level travel time spent in this place.
 D = Time resting spent in this place.
 E = Time spent auto-exploring this place.
 F = Levels seen in this place.
 G = Mean time per level.
                   A        B        C        D        E       F      G
               +--------+--------+--------+--------+--------+-----+--------+
         Total |   7596 |   7046 |    550 |   2087 |   3725 |   6 | 1266.0 |
       Dungeon |   7596 |   7046 |    550 |   2087 |   3725 |   6 | 1266.0 |
               +--------+--------+--------+--------+--------+-----+--------+

Top non-repeatable levels by time:
     D:4: 2007 daAuts
     D:2: 1762 daAuts
     D:5: 1260 daAuts
     D:1: 1107 daAuts
     D:3: 1028 daAuts
     D:6: 431 daAuts
